 Dungeon Crawl Stone Soup version 0.29-a0-542-g075992c915 (webtiles) character file.

Game seed: 2949709813909745304

4041 YayAnonymity the Spear-Bearer (level 10, -5/74 HPs)
             Began as a Demonspawn Gladiator on June 5, 2022.
             Was a Follower of Makhleb.
             Killed from afar by Joseph (43 damage)
             ... with a bolt of acid
             ... on level 9 of the Dungeon.
             The game lasted 00:12:06 (7269 turns).

YayAnonymity the Spear-Bearer (DsGl)                Turns: 7269, Time: 00:12:06

Health: -5/74      AC: 10    Str: 19    XL:     10   Next: 4%
Magic:  23/23      EV: 14    Int: 10    God:    Makhleb [*.....]
Gold:   745        SH: 11    Dex: 20    Spells: 9/9 levels left

rFire   + . .      SeeInvis .   a - +3 trident (spect)
rCold   . . .      Faith    .   (no shield)
rNeg    . . .      Spirit   .   t - +5 ring mail of Skepticism {rF+ Slay+2}
rPois   .          Reflect  +   c - +1 helmet
rElec   .          Harm     .   (no cloak)
rCorr   .          Rampage  .   (no gloves)
Will    .....                   r - +0 pair of boots
Stlth   +.........              k - amulet of reflection
HPRegen 0.22/turn               v - +6 ring of dexterity
MPRegen 0.18/turn               x - ring of magical power

@: corroded
A: large bone plates 2, spiny 2, weakness stinger 1
a: Renounce Religion


You were on level 9 of the Dungeon.
You worshipped Makhleb.
Makhleb was aware of your devotion.
You visited 2 branches of the dungeon, and saw 10 of its levels.
You also visited: Sewer.

You collected 1171 gold pieces.
You spent 426 gold pieces at shops.

Inventory:

Hand Weapons
 a - a +3 spectral trident (weapon)
 y - a +4 war axe
 H - a +3 spear of freezing
Missiles
 d - 8 throwing nets (quivered)
 e - a javelin
 f - 8 poisoned darts
 p - 6 boomerangs of dispersal
Armour
 c - a +1 helmet (worn)
 r - a +0 pair of boots (worn)
 t - the +5 ring mail of Skepticism (worn) {rF+ Slay+2}
   (You bought it in a shop on level 2 of the Dungeon)

   Slay:      It affects your accuracy & damage with ranged weapons and melee
   (+2).
   rF:        It protects you from fire.
Jewellery
 k - an amulet of reflection (around neck)
 v - a +6 ring of dexterity (left hand)
 w - an amulet of the acrobat
 x - a ring of magical power (right hand)
Wands
 A - a wand of polymorph (8)
Scrolls
 h - a scroll of teleportation
 i - a scroll of fear
 s - 5 scrolls of enchant armour
 C - a scroll of poison
 D - 2 scrolls of blinking
 E - a scroll of magic mapping
 F - a scroll of summoning
 G - a scroll of immolation
 J - a scroll of silence
Potions
 b - 4 potions of heal wounds
 g - a potion of berserk rage
 j - 2 potions of lignification
 l - 4 potions of mutation
 m - 4 potions of cancellation
 n - 9 potions of curing
 o - 4 potions of haste
 q - 3 potions of brilliance
 u - a potion of attraction {unknown}
 z - 2 potions of might
 B - a potion of magic {unknown}
 I - a potion of ambrosia {unknown}


   Skills:
 + Level 5.4 Fighting
 * Level 10.0 Polearms
 - Level 1.7 Throwing
 - Level 5.0 Armour
 - Level 5.0 Dodging
 + Level 5.9 Invocations


You had 9 spell levels left.
You didn't know any spells.
Your spell library contained the following spells:

 Spells                   Type           Power      Damage    Failure   Level
 Foxfire                  Conj/Fire      0%         2x1d4     54%         1
 Summon Small Mammal      Summ           0%         N/A       54%         1
 Sublimation of Blood     Necr           0%         N/A       67%         2
 Call Canine Familiar     Summ           0%         N/A       88%         3
 Conjure Flame            Conj/Fire      0%         6-21      88%         3
 Inner Flame              Hex/Fire       0%         N/A       88%         3
 Ozocubu's Armour         Ice            0%         N/A       88%         3
 Summon Guardian Golem    Hex/Summ       0%         N/A       88%         3
 Flame Wave               Conj/Fire      0%         2d4       99%         4
 Petrify                  Tmut/Erth      0%         N/A       99%         4
 Summon Ice Beast         Ice/Summ       0%         N/A       99%         4
 Irradiate                Conj/Tmut      0%         3d13      100%        5
 Summon Mana Viper        Hex/Summ       0%         N/A       100%        5
 Monstrous Menagerie      Summ           0%         N/A       100%        7
 Ozocubu's Refrigeration  Ice            0%         4d5       100%        7


Dungeon Overview and Level Annotations

Branches:
Dungeon (9/15)             Temple (1/1) D:6            Lair (0/6) D:8
  Sewer (visited)
    Orc: D:9-12

Altars:
Ashenzari
Cheibriados
Dithmenos
Elyvilon
Fedhas
Gozag
Hepliaklqana
Kikubaaqudgha
Makhleb
Nemelex Xobeh
Okawaru
Ru
Trog
Uskayaw
Vehumet
Wu Jian
Xom
Zin
The Shining One

Shops:
D:1 :[   D:2 *   D:5 **

Annotations:
D:5 3 runed translucent doors, hellse's ghost, weakling MiDe
D:9 Joseph


Innate Abilities, Weirdness & Mutations

You are mostly covered in large bone plates. (SH +6)
You are mostly covered in sharp spines.
You have a small tail.


Message History

There is a stone staircase leading down here.
You start resting.
You are no longer corroded.
You start resting.
HP restored.
You climb downwards.
You hear the roar of battle.
There is an entrance to a bailey on this level.
Hurry and find it before the portal closes forever!
Level annotation: Joseph You hear the faint creaking of a portcullis nearby.
Joseph shoots a sling bullet.
The sling bullet hits you!
Joseph shoots a sling bullet.
The sling bullet closely misses you.
There is a stone staircase leading up, spattered with blood here.
Joseph shoots a sling bullet.
The sling bullet barely misses you.
You climb upwards.
There is a stone staircase leading down here.
You start resting.
HP restored.
You climb downwards.
You hear the roar of battle.
There is an entrance to a bailey on this level.
Hurry and find it before the portal closes forever!
Level annotation: Joseph Joseph shoots a sling bullet.
The sling bullet closely misses you.
There is a stone staircase leading up, spattered with blood here.
Joseph shoots a sling bullet.
The sling bullet hits you but does no damage.
Found an escape hatch in the floor.
Found a stone staircase leading up.
Joseph shoots a sling bullet.
The sling bullet hits you.
Joseph unwields a +0 hunting sling.
Joseph wields a +0 quarterstaff.
Joseph hits you with a +0 quarterstaff!
You closely miss Joseph.
Your +3 spectral trident closely misses Joseph.
Joseph zaps a wand.
The bolt of acid hits you!! The acid corrodes you!
You puncture Joseph!
Your tail-slap misses Joseph.
Joseph is lightly wounded.
Your +3 spectral trident closely misses Joseph.
You hear the creaking of a portcullis nearby.
Joseph zaps a wand.
The bolt of acid hits you!!!
Ouch! That really hurt!
You die...

#.......#
>....<. ..
#.....###..
#.....#....
#..........
#..........
#..@.......
#..@.......
#...(...###
##......#
#<.....#
#......#
#...####
#####


You could see Joseph and a friendly +3 spectral trident (summoned).

Vanquished Creatures
  A troll (D:7)
  A hornet (D:7)
  Prince Ribbit (D:8)
  3 yaks (D:6)
  2 water moccasins
  An orc warrior (D:6)
  An ice beast (D:6)
  An ogre (D:7)
  4 centaurs
  A phantom (D:7)
  A kobold brigand (D:8)
  3 bullfrogs
  A necrophage (D:6)
  A gnoll sergeant (D:8)
  A scorpion (D:5)
  9 wights
  5 killer bees
  3 jellies
  8 orc priests
  4 hounds
  4 iguanas
  8 orc wizards
  11 gnolls
  4 adders
  2 river rats (D:4)
  A white imp (D:5)
  3 ufetubi
  A worm (D:5)
  24 orcs
  6 ball pythons
  6 bats
  4 endoplasms
  4 giant cockroaches
  6 goblins
  4 hobgoblins
  4 jackals (D:1)
  2 quokkas
  A frilled lizard (D:1)
  8 kobolds
  5 rats
160 creatures vanquished.

Notes
Turn   | Place    | Note
-------+----------+-------------------------------------------
     0 | D:1      | YayAnonymity the Demonspawn Gladiator began the quest for
                  | the Orb.
     0 | D:1      | Reached XP level 1. HP: 16/16 MP: 1/1
   214 | D:1      | Reached skill level 3 in Polearms
   235 | D:1      | Gained mutation: You are partially covered in large bone
                  | plates. (SH +4) [demonic ancestry]
   235 | D:1      | Reached XP level 2. HP: 22/22 MP: 2/2
   405 | D:1      | Reached skill level 1 in Armour
   809 | D:1      | Found Lehurhu's Armour Boutique.
   893 | D:1      | Found Poapsig's Book Boutique.
  1162 | D:2      | Reached XP level 3. HP: 27/27 MP: 3/3
  1191 | D:2      | Found a faded altar of an unknown god.
  1378 | D:2      | Found Kozisk's Assorted Antiques.
  1876 | D:3      | Reached XP level 4. HP: 5/33 MP: 4/4
  2425 | D:4      | Identified a scroll of acquirement
  2425 | D:4      | Acquired 768 gold pieces
  2463 | D:4      | Reached skill level 4 in Polearms
  2511 | D:4      | Reached XP level 5. HP: 38/38 MP: 5/5
  2588 | D:4      | Gained mutation: You are partially covered in sharp spines.
                  | [demonic ancestry]
  2588 | D:4      | Reached XP level 6. HP: 40/44 MP: 6/6
  2691 | D:4      | Found a glowing drain.
  2695 | Sewer    | Entered a sewer
  2718 | Sewer    | Noticed a water moccasin
  2725 | Sewer    | Killed a water moccasin
  2726 | Sewer    | Reached skill level 5 in Polearms
  3110 | D:5      | Entered Level 5 of the Dungeon
  3309 | D:5      | Found Meofin's Overcharged Wands.
  3419 | D:2      | Bought a scroll labelled MEBLOQICHI for 21 gold pieces
  3419 | D:2      | Bought 3 lumpy dark potions for 56 gold pieces
  3419 | D:2      | Bought 2 yellow potions for 37 gold pieces
  3419 | D:2      | Bought a transparent ring mail for 189 gold pieces
  3419 | D:2      | Identified the +5 ring mail of Skepticism {rF+ Slay+2} (You
                  | bought it in a shop on level 2 of the Dungeon)
  3419 | D:2      | Bought an agate ring for 105 gold pieces
  3419 | D:2      | Bought a dark potion for 18 gold pieces
  3611 | D:5      | Gained mutation: You have a small tail. [demonic ancestry]
  3611 | D:5      | Reached XP level 7. HP: 40/50 MP: 7/7
  3733 | D:5      | Found Teohop's Assorted Antiques.
  3975 | D:5      | Found a runed translucent gate.
  3976 | D:5      | Found a runed translucent gate.
  3976 | D:5      | Found a runed translucent gate.
  3978 | D:5      | Noticed hellse's ghost (weakling MiDe)
  4213 | D:5      | Reached skill level 6 in Polearms
  4554 | D:6      | You fall into a shaft and drop 2 floors!
  4624 | D:7      | Reached skill level 5 in Dodging
  4676 | D:6      | Gained mutation: You are mostly covered in large bone
                  | plates. (SH +6) [demonic ancestry]
  4676 | D:6      | Reached XP level 8. HP: 45/56 MP: 8/8
  4794 | D:6      | Reached skill level 7 in Polearms
  4919 | D:6      | Found a staircase to the Ecumenical Temple.
  4926 | D:6      | Reached skill level 5 in Armour
  4950 | Temple   | Entered the Ecumenical Temple
  5177 | Temple   | Became a worshipper of Makhleb the Destroyer
  5369 | D:6      | Reached skill level 8 in Polearms
  5369 | D:6      | Reached skill level 1 in Invocations
  5373 | D:6      | Gained mutation: You are mostly covered in sharp spines.
                  | [demonic ancestry]
  5373 | D:6      | Reached XP level 9. HP: 64/64 MP: 10/10
  5921 | D:7      | Noticed a troll
  5927 | D:7      | Killed a troll
  5933 | D:7      | Reached skill level 9 in Polearms
  6136 | D:7      | Reached * piety under Makhleb
  6137 | D:7      | Reached skill level 5 in Invocations
  6360 | D:7      | Reached skill level 5 in Fighting
  6779 | D:8      | Found a staircase to the Lair.
  6785 | D:8      | Noticed Prince Ribbit
  6791 | D:8      | Killed Prince Ribbit
  6792 | D:8      | Reached skill level 10 in Polearms
  6792 | D:8      | Reached XP level 10. HP: 63/74 MP: 14/14
  7097 | D:9      | Noticed Joseph
  7269 | D:9      | Killed from afar by Joseph

Illustrated notes

Levels and vault maps discovered:
D:1:      lemuel_arrival_lava_pool, layout_basic, serial_shops,
          nicolae_lakefront_shop, nicolae_lakefront_shop, minmay_tetromino_t2
D:2:      layout_basic, hellmonk_ecumenical_altar_heavens_door, serial_shops,
          shop_fountains, minmay_distorted
D:3:      minmay_spotlight, layout_basic
D:4:      layout_cave_pools, gup_sewer_entry_bowl
D:5:      layout_basic, serial_shops, nicolae_shop_behind_doors,
          ebering_ghost_rock_garden, nicolae_shop_overcharged_wands
D:6:      layout_cave_pools, minmay_temple_entry_wispy,
          kennysheep_generic_room_12
D:7:      layout_basic, serial_park_tiny_2, minmay_misc_feat_rows,
          minmay_misc_feat_chi
D:8:      layout_rooms, dpeg_oklobed_lair, uniq_prince_ribbit1
D:9:      layout_cross, orc_0_dummy, enter_bailey_2, uniq_joseph
Temple:   mainiacjoe_temple_bowtie_tessellation

Skill      XL: |  1  2  3  4  5  6  7  8  9 |
---------------+----------------------------+-----
Polearms       | 3 4 5 6 8 10 | 10.0
Dodging        | 3 4 5 |  5.0
Armour         | 1 2 3 4 5 |  5.0
Fighting       | 3 5 |  5.4
Invocations    | 2 5 |  5.9
Throwing       | |  1.7

Action                   |  1- 3 |  4- 6 |  7- 9 | 10-12 || total
-------------------------+-------+-------+-------+-------++-------
Melee: Trident           |   112 |    63 |   159 |     9 ||   343
       Punch             |     3 |       |       |       ||     3
       Tailslap          |       |       |    10 |     1 ||    11
  Use: Scroll            |     1 |    13 |    10 |     1 ||    25
 Stab: Distracted        |       |     1 |     3 |       ||     4
       Sleeping          |       |       |     1 |       ||     1
Armor: Scale mail        |    33 |    14 |       |       ||    47
       Leather armour    |     1 |       |       |       ||     1
       Chain mail        |       |     2 |       |       ||     2
       Ring mail         |       |     1 |    19 |     2 ||    22
Dodge: Dodged            |    46 |    16 |    45 |     7 ||   114
Block: Other             |     7 |     2 |    20 |     2 ||    31

Table legend: (Time is in decaauts)
 A = Elapsed time spent in this place.
 B = Non-inter-level travel time spent in this place.
 C = Inter-level travel time spent in this place.
 D = Time resting spent in this place.
 E = Time spent auto-exploring this place.
 F = Levels seen in this place.
 G = Mean time per level.
                   A        B        C        D        E       F      G
               +--------+--------+--------+--------+--------+-----+--------+
         Total |   7280 |   6619 |    661 |    740 |   4635 |  11 |  661.8 |
       Dungeon |   6926 |   6297 |    629 |    740 |   4367 |   9 |  769.6 |
        Temple |    260 |    228 |     32 |      0 |    203 |   1 |  260.0 |
         Sewer |     93 |     93 |      0 |      0 |     65 |   1 |   93.0 |
               +--------+--------+--------+--------+--------+-----+--------+

Top non-repeatable levels by time:
     D:5: 1190 daAuts
     D:3: 1005 daAuts
     D:1: 1004 daAuts
     D:7: 986 daAuts
     D:6: 864 daAuts
     D:2: 631 daAuts
     D:4: 625 daAuts
     D:8: 603 daAuts
  Temple: 260 daAuts
   Sewer: 93 daAuts
     D:9: 15 daAuts
